 Dungeon Sprint DCSS version 0.18-a0-1788-g92de1ac (webtiles) character file.

1900000 Kidiri the Conqueror (level 16, -2/183 HPs)
             Began as a Minotaur Gladiator on Apr 20, 2016.
             Slain by a meat berserker
             ... wielding a +9 battleaxe
              (30 damage)
             ... in the Dungeon (Sprint VIII: "Arena of Blood").
             The game lasted 00:03:13 (19 turns).

Kidiri the Conqueror (Minotaur Gladiator)             Turns: 19, Time: 00:03:14

Health: -2/183     AC:  6    Str: 23    XL:     16   Next: 27%
Magic:  15/15      EV: 29    Int:  5    God:
Gold:   0          SH:  0    Dex: 15    Spells: 0 memorised, 15 levels left

rFire  . . .     SeeInvis .     l - +∞ Axe of Woe
rCold  . . .     Gourm    .     b - +0 leather armour
rNeg   . . .     Faith    .     (shield currently unavailable)
rPois  .         Spirit   .     c - +0 hat
rElec  .         Dismiss  .     (no cloak)
rCorr  .         Reflect  .     (no gloves)
SustAt .         Harm     .     (no boots)
MR     +....     NoTele   +     (no amulet)
Stlth  +.........               (no ring)
                                (no ring)

@: somewhat resistant to hostile enchantments, very unstealthy
A: retaliatory headbutt, horns 2
a: no special abilities


You were in the Dungeon.
You were not hungry.

You visited 1 branch

Inventory:

Hand Weapons
 l - the +∞ Axe of Woe (weapon)
   (You found it in the Dungeon)
Missiles
 d - 3 throwing nets (quivered)
Armour
 b - a +0 leather armour (worn)
 c - a +0 hat (worn)
Scrolls
 k - a scroll of blinking
Potions
 e - a potion of curing
 g - a potion of heal wounds
 h - a potion of haste
 i - 2 potions of magic
 j - a potion of berserk rage
Comestibles
 f - a bread ration


   Skills:
 O Level 27 Fighting
 - Level 3.6 Axes
 + Level 23.5 Throwing
 + Level 26.9 Armour
 + Level 25.2 Dodging


You had 15 spell levels left.
You didn't know any spells.

Dungeon Overview and Level Annotations

Branches:
Dungeon (1/1)

Altars:
Makhleb


Innate Abilities, Weirdness & Mutations

You reflexively headbutt those who attack you in melee.
You have a pair of horns on your head.


Message History

You hear a shout! x2
The meat berserker rages.
You hear a shout! x2 6 orcs and an ogre come into view.
The bag of meat shouts! x5
You slice the bag of meat!!
You slaughter the bag of meat joyfully.
You kill the bag of meat!
Your Throwing skill increases to level 23!
Your Armour skill increases to level 26!
Your Dodging skill increases to level 25!
You have reached level 16!
You feel agile.
You hear a shout!
The meat berserker rages. x2
You hear a shout! x7
The meat berserker hits you with a +9 battleaxe!!!!
* * * LOW HITPOINT WARNING * * *
You hear a shout!
The meat berserker hits you with a +9 battleaxe!!
You die...

##.oo#oo..........o.
...Ooo#o............
O.o..o..............
...................
.#.Oo.OO..#.......#
.o..#.... #.......#
.#o...OO###.......###.
.....O.@.....###......
.....#.)..oO)._......
...#..O....#))...#...
#..o.......#_O<._#
...#..O....#.....#
...Oo#.o......_......
..ooo........###......
..C....###... ..###. .
#... ..#


You could see a large bag of meat (inner flame), 12 meat berserkers and 19 bags
of meat.

Vanquished Creatures
  5 orcs (D)
  2 ogres (D)
7 creatures vanquished.

Notes
Turn   | Place    | Note
--------------------------------------------------------------
     0 | D        | Kidiri the Minotaur Gladiator began the quest for the Orb.
     0 | D        | Reached XP level 1. HP: 18/18 MP: 0/0
     3 | D        | Noticed a bag of meat
     3 | D        | Noticed a bag of meat
     4 | D        | Noticed a bag of meat
     5 | D        | Noticed a meat berserker
     6 | D        | Noticed a bag of meat
     7 | D        | Killed a meat berserker
     7 | D        | Reached skill level 23 in Fighting
     7 | D        | Reached skill level 15 in Throwing
     7 | D        | Reached XP level 2. HP: 62/62 MP: 1/1
     7 | D        | Reached XP level 3. HP: 70/70 MP: 2/2
     7 | D        | Reached XP level 4. HP: 78/78 MP: 3/3
     7 | D        | Reached XP level 5. HP: 85/85 MP: 4/4
     8 | D        | Reached XP level 6. HP: 94/94 MP: 5/5
     8 | D        | Reached XP level 7. HP: 101/101 MP: 6/6
     8 | D        | Reached XP level 8. HP: 110/110 MP: 7/7
     8 | D        | Reached XP level 9. HP: 117/117 MP: 8/8
     8 | D        | Reached XP level 10. HP: 125/125 MP: 9/9
     8 | D        | Reached XP level 11. HP: 133/133 MP: 10/10
     8 | D        | Reached XP level 12. HP: 141/141 MP: 11/11
     8 | D        | Reached XP level 13. HP: 148/148 MP: 12/12
     8 | D        | Noticed a meat berserker
     9 | D        | Noticed a bag of meat
    10 | D        | Killed a bag of meat
    10 | D        | Reached skill level 25 in Fighting
    11 | D        | Killed a bag of meat
    11 | D        | Reached skill level 26 in Fighting
    11 | D        | Reached XP level 14. HP: 166/166 MP: 13/13
    11 | D        | Killed a bag of meat
    11 | D        | Reached skill level 27 in Fighting
    12 | D        | Noticed a bag of meat
    12 | D        | Killed a meat berserker
    12 | D        | Reached XP level 15. HP: 91/174 MP: 14/14
    14 | D        | Noticed a meat berserker
    17 | D        | Noticed a meat berserker
    17 | D        | Noticed a meat berserker
    17 | D        | Noticed a meat berserker
    17 | D        | Noticed a meat berserker
    17 | D        | Noticed a meat berserker
    17 | D        | Noticed a meat berserker
    17 | D        | Noticed a meat berserker
    18 | D        | Noticed a meat berserker
    18 | D        | Noticed a meat berserker
    19 | D        | Noticed a meat berserker
    19 | D        | Reached XP level 16. HP: 99/183 MP: 15/15
    19 | D        | Slain by a meat berserker

Vault maps used:
D:        meatsprint

Skill      XL: |  1  2  3  4  5  6  7  8  9 10 11 12 13 14 15 |
---------------+----------------------------------------------+-----
Fighting       | 23 26 27 | 27.0
Throwing       | 15 17 21 23 | 23.5
Armour         | 17 20 24 26 | 26.9
Dodging        | 16 19 23 25 | 25.2
Axes           | |  3.6

Action                   |  1- 3 |  4- 6 |  7- 9 | 10-12 | 13-15 | 16-18 || total
-------------------------+-------+-------+-------+-------+-------+-------++-------
Melee: Executioner's axe |     1 |       |       |       |     4 |       ||     5
